AoeStats
← gazza17

Nomad

516050147Analyzed
4v4 RM · 12d ago on Oct 24, 2026· 54m 16s· 8 players
Game mode
Random Map
Map size
231×231
Population
200
Speed
Normal
Resources
Standard
Victory
Conquest
Starting age
Dark Age
Ending age
Imperial Age
RankedLock teamsTeams togetherTeam positionsShared explorationLock speedFull tech treeHidden civsTurbo modeCheats
Victory
Defeat
🇸🇪 Vietnamese · Sweden
1035
+15
🇨🇱 Vikings · Chile
1022
+16
🇬🇧 Varangians · United Kingdom
994
+17
🇺🇸 Wei · United States
990
+17
vs
🇨🇦 Persians · Canada
1026
-17
🇳🇿 Spanish · New Zealand
1011
-16
🇹🇼 Japanese · Taiwan
1009
-16
1002
-16
CoffeeGuy45
7:29 Loom
13:45 Feudal Age
14:21 Double-Bit Axe
14:17 Horse Collar
14:42 Fishing Lines
18:00 Forging
19:52 Castle Age
19:34 Bloodlines
20:51 Husbandry
21:47 Stone Mining
21:58 Heavy Plow
22:10 Bow Saw
24:07 Stone Shaft Mining
25:45 Fletching
26:14 Light Cavalry
31:04 Bodkin Arrow
31:45 Iron Casting
34:08 Scale Barding Armor
38:05 Imperial Age
37:50 Chain Barding Armor
39:51 Hussar
41:34 Blast Furnace
41:09 Plate Barding Armor
42:37 Conscription
43:50 Wheelbarrow
44:12 Gold Mining
45:07 Hand Cart
46:28 Crop Rotation
47:01 Two-Man Saw
47:43 Gillnets
50:52 Citadels
50:23 Elite War Elephant
52:50 Gold Shaft Mining
good123
4:32 Loom
13:30 Feudal Age
19:15 Castle Age
18:35 Double-Bit Axe
21:50 Medium Warships
22:24 Fishing Lines
23:20 Gold Mining
28:59 Imperial Age
27:27 Wheelbarrow
29:54 Padded Archer Armor
29:44 Fletching
32:09 Leather Archer Armor
31:49 Bodkin Arrow
32:24 Bow Saw
33:18 Conscription
34:27 Bracer
36:23 Horse Collar
37:11 Ballistics
41:16 Chemistry
43:58 Ring Archer Armor
44:26 Heavy Cavalry Archer
6164817
12:09 Loom
14:58 Feudal Age
23:30 Fletching
32:52 Castle Age
36:15 Husbandry
36:47 Scale Barding Armor
36:58 Bloodlines
37:27 Wheelbarrow
39:53 Forging
40:04 Chain Barding Armor
41:27 Iron Casting
43:20 Horse Collar
46:03 Fletching
47:18 Heavy Plow
50:59 Double-Bit Axe
Potatoes are my favourite fruit
11:54 Loom
15:19 Feudal Age
20:37 Castle Age
22:17 Wheelbarrow
21:33 Double-Bit Axe
22:09 Medium Warships
22:00 Fletching
22:12 Stone Mining
22:15 Gold Mining
22:08 Horse Collar
23:13 Bodkin Arrow
26:05 Hand Cart
26:04 Bow Saw
25:57 Heavy Plow
27:04 Ballistics
32:31 Squires
32:52 Fishing Lines
33:57 Scale Mail Armor
34:07 Forging
33:19 Pikeman
37:13 Town Watch
38:19 Padded Archer Armor
43:03 Chain Mail Armor
43:04 Leather Archer Armor
43:26 Iron Casting
44:02 Murder Holes
48:57 Scale Barding Armor
48:17 Light Cavalry
49:04 Husbandry
50:14 Chain Barding Armor
50:06 Bloodlines
Surfer's Gambit
3:17 Loom
15:25 Feudal Age
15:48 Fishing Lines
15:56 Horse Collar
16:24 Gold Mining
17:38 Wheelbarrow
16:50 Town Watch
20:21 Bloodlines
23:27 Castle Age
21:53 Forging
21:35 Double-Bit Axe
23:03 Scale Barding Armor
23:59 Gillnets
24:21 Bow Saw
23:54 Horse Collar
24:54 Gold Shaft Mining
24:28 Husbandry
26:36 Stone Mining
27:22 Hand Cart
32:32 Iron Casting
32:38 Chain Barding Armor
33:00 Stone Shaft Mining
37:37 Imperial Age
36:06 Tuntian
36:38 Fletching
36:49 Padded Archer Armor
37:35 Bodkin Arrow
37:03 Elite Skirmisher
37:48 Thumb Ring
38:31 Heavy Plow
38:12 Heavy Hei Guang Cavalry
40:01 Blast Furnace
40:21 Bracer
40:36 Leather Archer Armor
41:24 Ming Guang Armor
43:04 Imperial Skirmisher
44:49 Ballistics
45:30 Chemistry
gazza17
15:16 Feudal Age
15:41 Loom
19:07 Scale Barding Armor
19:13 Forging
21:36 Castle Age
19:26 Double-Bit Axe
20:20 Horse Collar
21:46 Scale Mail Armor
23:04 Bow Saw
22:58 Heavy Plow
23:33 Stone Mining
24:03 Gold Mining
27:42 Iron Casting
29:24 Wheelbarrow
28:38 Town Watch
30:13 Fletching
31:22 Bodkin Arrow
32:39 Hand Cart
34:10 Ballistics
33:43 Heated Shot
34:54 Chain Mail Armor
34:27 Arson
34:42 Squires
41:50 Imperial Age
41:38 Gambesons
42:01 Elite Varangian Guard
43:44 Blast Furnace
43:15 Plate Mail Armor
42:20 Gothikon
47:39 Stone Shaft Mining
The Outpost Man
4:27 Loom
15:47 Feudal Age
16:16 Double-Bit Axe
18:31 Fishing Lines
22:35 Castle Age
22:56 Stone Mining
22:58 Gold Mining
23:41 Bow Saw
24:12 Wheelbarrow
24:18 Fletching
24:28 Padded Archer Armor
27:15 Hand Cart
29:27 Gillnets
33:19 Imperial Age
40:25 Elite Rattan Archer
44:23 Elite Skirmisher
45:09 Thumb Ring
45:48 Bodkin Arrow
46:08 Leather Archer Armor
45:51 Pikeman
46:32 Squires
46:43 Forging
46:34 Scale Mail Armor
46:34 Bracer
46:58 Ballistics
47:39 Chemistry
46:04 Imperial Skirmisher
46:22 Halberdier
49:54 Iron Casting
49:34 Chain Mail Armor
52:05 Ring Archer Armor
52:05 Plate Mail Armor
54:02 Paper Money
55:03 Two-Man Saw
TKG 2.0
6:51 Loom
14:57 Feudal Age
16:10 Man-at-Arms
26:51 Double-Bit Axe
31:30 Castle Age
30:28 Forging
31:40 Horse Collar
32:31 Gold Mining
32:33 Stone Mining
39:21 Imperial Age
38:47 Town Watch
38:39 Long Swordsman
42:25 Imperial Age
41:07 Arson
41:23 Squires
42:38 Two-Handed Swordsman
44:20 Scale Mail Armor
49:41 Champion
Connection lost

Rejoining the realm…

Still unreachable

The connection could not be restored.

Session expired

The server has moved on; the page needs a fresh start.